Islanders vs Sharks
Created - June 16, 2022 at 19:05
Goals
|
| Islanders |
0 |
1 |
1 |
0 |
2 |
3 |
| Sharks |
0 |
1 |
1 |
0 |
1 |
2 |
|
Shots
|
| Islanders |
10 |
10 |
11 |
2 |
5 |
33 |
| Sharks |
8 |
9 |
16 |
0 |
5 |
33 |
|
1st period
No Goal
Penalties :
Boone Jenner (S.J) for Interference (Minor) at 1:20, Ryan Ellis (NyI) for Hooking (Minor) at 13:46
2nd period
1. Islanders , Andrew Shaw 11 (Jiri Hudler 1, Ryan Ellis 66) at 12:52
2. Sharks , Boone Jenner 13 (Wayne Simmonds 19) at 18:31
Penalties :
Michael Latta (NyI) for Tripping (Minor) at 13:04
3rd period
3. Islanders , Michael Latta 11 (Rick Nash 34, Emerson Etem 6) at 5:53
4. Sharks , Ben Smith 25 (Tyler Cuma 29, Brandon Dubinsky 42) at 16:39 (PP)
Penalties :
Yann Sauvé (NyI) for Hooking (Minor) at 0:03, Gustav Nyquist (S.J) for Charging (Minor) at 13:38, Brock McGinn (NyI) for Tripping (Minor) at 16:24, Craig Smith (NyI) for Hooking (Minor) at 16:56
Overtime #1
No Goal
Penalties :
No Penalty
Shootout
Islanders, Vladimir Tarasenko - Shot Misses the Net
Sharks, Ben Smith - Goal!
Islanders, Rick Nash - Shot Misses the Net
Sharks, Wayne Simmonds - Stopped by Ryan Miller
Islanders, Frans Nielsen - Goal!
Sharks, David Booth - Stopped by Ryan Miller
Islanders, Craig Smith - Shot Misses the Net
Sharks, Brandon Dubinsky - Stopped by Ryan Miller
Islanders, Emerson Etem - Goal!
Sharks, Ronalds Kenins - Stopped by Ryan Miller
Penalties :
No Penalty
Goalie Stats
Ryan Miller (NyI), 31 saves from 33 shots - (0.939), W, 23-27-7, 65:00 minutes
Philipp Grubauer (S.J), 31 saves from 33 shots - (0.939), OTL, 30-24-10, 65:00 minutes
Players Stats for Islanders
Player Name G A P +/- PIM S H SB GA TA FO MP PP MP PK MP
------------------------------------------------------------------------------------
Andrew Shaw 1 0 1 1 0 4 2 0 0 0 0/0 11:07 0:00 0:00
Brock McGinn 0 0 0 -1 2 3 0 0 0 1 0/1 18:13 0:00 0:52
Craig Smith 0 0 0 0 2 0 0 0 0 0 0/0 12:15 0:00 1:50
Emerson Etem 0 1 1 1 0 3 0 2 0 0 0/1 13:41 2:10 0:00
Fedor Tyutin 0 0 0 2 0 1 0 0 1 0 0/0 22:04 1:43 3:51
Frans Nielsen 0 0 0 -1 0 0 0 1 1 0 18/30 21:53 2:10 2:40
Jiri Hudler 0 1 1 1 0 2 0 1 0 1 3/4 13:19 0:00 1:24
Justin Falk 0 0 0 -1 0 1 0 1 0 0 0/0 14:01 0:00 1:40
Marc-Édouard Vlasic 0 0 0 2 0 2 0 0 0 0 0/0 21:47 1:43 3:34
Michael Latta 1 0 1 1 2 4 1 0 0 0 10/14 14:36 1:48 0:00
Nikita Zadorov 0 0 0 -1 0 0 1 0 0 1 0/0 12:19 0:00 0:00
Pierre-Edouard Bellemare 0 0 0 0 0 0 0 0 0 1 1/1 11:08 1:48 0:00
Rick Nash 0 1 1 1 0 3 0 0 0 0 0/0 20:53 1:48 4:48
Ryan Ellis 0 1 1 0 2 4 1 1 1 1 0/0 29:37 2:15 3:21
Ryan Hartman 0 0 0 0 0 0 0 0 0 0 2/5 8:51 0:00 0:00
Sergei Plotnikov 0 0 0 1 0 1 1 2 0 0 0/0 11:05 0:00 0:00
Vladimir Tarasenko 0 0 0 -1 0 4 2 0 2 0 4/10 24:43 2:10 4:48
Yann Sauvé 0 0 0 0 2 1 3 1 0 0 0/0 30:12 2:15 3:56
Players Stats for Sharks
Player Name G A P +/- PIM S H SB GA TA FO MP PP MP PK MP
------------------------------------------------------------------------------------
Ben Lovejoy 0 0 0 1 0 0 1 1 0 2 0/0 22:03 3:11 1:42
Ben Smith 1 0 1 0 0 6 1 0 0 0 0/1 21:09 5:16 0:05
Bobby Butler 0 0 0 -1 0 1 3 2 1 0 0/0 13:23 0:02 0:00
Boone Jenner 1 0 1 0 2 2 0 1 0 0 6/14 17:00 2:53 0:31
Brandon Dubinsky 0 1 1 0 0 1 2 0 1 0 14/36 25:02 5:16 1:59
Brandon Gormley 0 0 0 1 0 1 3 2 1 0 0/0 22:03 3:11 1:42
David Booth 0 0 0 0 0 2 6 1 1 1 0/1 24:56 5:16 1:54
Gustav Nyquist 0 0 0 -1 2 3 3 1 0 0 1/2 13:44 0:02 0:11
Jiri Tlusty 0 0 0 0 0 1 0 0 1 0 0/0 9:04 0:00 0:53
Karl Alzner 0 0 0 -1 0 1 0 1 0 0 0/0 13:25 0:00 0:00
Luke Adam 0 0 0 -1 0 4 2 0 0 0 5/8 12:31 0:02 0:53
Mike Lundin 0 0 0 -1 0 1 0 1 0 1 0/0 29:32 5:00 2:16
Oscar Sundqvist 0 0 0 0 0 0 2 0 0 0 1/2 8:10 0:00 0:05
Oskar Osala 0 0 0 0 0 1 3 0 0 0 0/0 8:19 0:00 0:00
Ronalds Kenins 0 0 0 0 0 2 0 0 0 0 1/1 17:50 2:53 1:25
Steve Eminger 0 0 0 -1 0 1 0 0 0 0 0/0 13:25 0:00 0:00
Tyler Cuma 0 1 1 -1 0 3 3 4 0 1 0/0 29:32 5:00 2:16
Wayne Simmonds 0 1 1 0 0 3 2 0 0 0 0/1 14:52 2:53 0:00
3 Stars
1 - Andrew Shaw (NyI)
2 - Ryan Miller (NyI)
3 - Philipp Grubauer (S.J)
Power Play
Islanders - 0 on 2 Attempt(s) - 0.00%
Sharks - 1 on 5 Attempt(s) - 20.00%
Penalty Kill
Islanders - 4 on 5 Attempt(s) - 80.00%
- Score 0 goal in Penalty Kill
Sharks - 2 on 2 Attempt(s) - 100.00%
- Score 0 goal in Penalty Kill
Team Stat
Islanders - Hits : 11 - Faceoff Wins : 38 - Blocked Shots : 9 - Penalty Minutes : 10
Sharks - Hits : 31 - Faceoff Wins : 28 - Blocked Shots : 14 - Penalty Minutes : 4
Official
Referees : Beaudry Halkidis and Tom Chmielewski
Linesman : Libor Suchanek and Derek Amell
Game Notes
No Game Note
Finance
Level 1 -- Attendance: 6000 (100.00%) -- Ticket Income $600,000
Level 2 -- Attendance: 4689 (93.78%) -- Ticket Income $281,340
Level 3 -- Attendance: 1842 (92.10%) -- Ticket Income $64,470
Level 4 -- Attendance: 3973 (99.33%) -- Ticket Income $99,325
Luxury Box -- Attendance: 899 (89.90%) -- Ticket Income $179,800
Game was played at the SAP Center.
Total Attendance: 17403 (96.68%)
Total Ticket Income: $1,224,935
Other Income: $183,740
Total Income: $1,408,675
Islanders
5 vs 5 Forward
Center Left Wing Right Wing Time % Phy DF OF
1 Frans Nielsen Brock McGinn Vladimir Tarasenko 40 1 2 2
2 Michael Latta Emerson Etem Rick Nash 30 1 2 2
3 Ryan Hartman Pierre-Edouard Bellemare Craig Smith 20 1 2 2
4 Jiri Hudler Sergei Plotnikov Andrew Shaw 10 1 2 2
5 vs 5 Defense
Defense Defense Time % Phy DF OF
1 Ryan Ellis Yann Sauvé 40 1 2 2
2 Fedor Tyutin Marc-Édouard Vlasic 30 1 2 2
3 Nikita Zadorov Justin Falk 20 1 2 2
4 Ryan Ellis Yann Sauvé 10 1 2 2
PowerPlay Forward
Center Left Wing Right Wing Time % Phy DF OF
1 Frans Nielsen Emerson Etem Vladimir Tarasenko 60 1 2 2
2 Michael Latta Pierre-Edouard Bellemare Rick Nash 40 1 2 2
PowerPlay Defense
Defense Defense Time % Phy DF OF
1 Ryan Ellis Yann Sauvé 60 1 2 2
2 Fedor Tyutin Marc-Édouard Vlasic 40 1 2 2
Penalty Kill 4 Players Forward
Center Wing Time % Phy DF OF
1 Vladimir Tarasenko Rick Nash 60 1 2 2
2 Frans Nielsen Craig Smith 40 1 2 2
Penalty Kill 4 Players Defense
Defense Defense Time % Phy DF OF
1 Ryan Ellis Yann Sauvé 60 1 2 2
2 Fedor Tyutin Marc-Édouard Vlasic 40 1 2 2
Penalty Kill - 3 Players Forward
Forward Time % Phy DF OF
1 Vladimir Tarasenko 60 1 2 2
2 Rick Nash 40 1 2 2
Penalty Kill - 3 Players Defense
Defense Defense Time % Phy DF OF
1 Ryan Ellis Yann Sauvé 60 1 2 2
2 Fedor Tyutin Marc-Édouard Vlasic 40 1 2 2
4 vs 4 Forward
Center Wing Time % Phy DF OF
1 Vladimir Tarasenko Rick Nash 60 1 2 2
2 Frans Nielsen Craig Smith 40 1 2 2
4 vs 4 Defense
Defense Defense Time % Phy DF OF
1 Ryan Ellis Yann Sauvé 60 1 2 2
2 Fedor Tyutin Marc-Édouard Vlasic 40 1 2 2
Last Minutes Offensive
Center Left Wing Right Wing Defense Defense
Frans Nielsen Emerson Etem Vladimir Tarasenko Ryan Ellis Yann Sauvé
Last Minutes Defensive
Center Left Wing Right Wing Defense Defense
Frans Nielsen Emerson Etem Vladimir Tarasenko Ryan Ellis Yann Sauvé
Goaltenders
Starting : Ryan Miller
Backup : Keith Kinkaid
Extra Forwards
Normal : Andrew Shaw, Sergei Plotnikov, Jiri Hudler - PP : Andrew Shaw, Sergei Plotnikov - PK : Jiri Hudler
Extra Defensemen
Normal : Nikita Zadorov, Justin Falk, Fedor Tyutin - PP : Nikita Zadorov - PK : Justin Falk, Fedor Tyutin
Penalty Shots
Vladimir Tarasenko, Rick Nash, Frans Nielsen, Craig Smith, Emerson Etem
Scratches
Carl Klingberg (Healthy), Melker Karlsson (Strained Groin Injury), Julien Ellis (Healthy)
Sharks
5 vs 5 Forward
Center Left Wing Right Wing Time % Phy DF OF
1 Brandon Dubinsky David Booth Ben Smith 40 1 2 2
2 Boone Jenner Ronalds Kenins Wayne Simmonds 30 1 2 2
3 Luke Adam Gustav Nyquist Bobby Butler 20 1 2 2
4 Oscar Sundqvist Jiri Tlusty Oskar Osala 10 1 2 2
5 vs 5 Defense
Defense Defense Time % Phy DF OF
1 Mike Lundin Tyler Cuma 40 1 2 2
2 Ben Lovejoy Brandon Gormley 30 1 2 2
3 Karl Alzner Steve Eminger 20 1 2 2
4 Mike Lundin Tyler Cuma 10 1 2 2
PowerPlay Forward
Center Left Wing Right Wing Time % Phy DF OF
1 Brandon Dubinsky David Booth Ben Smith 60 1 2 2
2 Boone Jenner Ronalds Kenins Wayne Simmonds 40 1 2 2
PowerPlay Defense
Defense Defense Time % Phy DF OF
1 Mike Lundin Tyler Cuma 60 1 2 2
2 Ben Lovejoy Brandon Gormley 40 1 2 2
Penalty Kill 4 Players Forward
Center Wing Time % Phy DF OF
1 Brandon Dubinsky David Booth 60 1 4 0
2 Boone Jenner Ronalds Kenins 40 1 4 0
Penalty Kill 4 Players Defense
Defense Defense Time % Phy DF OF
1 Mike Lundin Tyler Cuma 60 1 4 0
2 Ben Lovejoy Brandon Gormley 40 1 4 0
Penalty Kill - 3 Players Forward
Forward Time % Phy DF OF
1 Brandon Dubinsky 60 1 4 0
2 Boone Jenner 40 1 4 0
Penalty Kill - 3 Players Defense
Defense Defense Time % Phy DF OF
1 Mike Lundin Tyler Cuma 60 1 4 0
2 Ben Lovejoy Brandon Gormley 40 1 4 0
4 vs 4 Forward
Center Wing Time % Phy DF OF
1 Brandon Dubinsky David Booth 60 1 2 2
2 Boone Jenner Ronalds Kenins 40 1 2 2
4 vs 4 Defense
Defense Defense Time % Phy DF OF
1 Mike Lundin Tyler Cuma 60 1 2 2
2 Ben Lovejoy Brandon Gormley 40 1 2 2
Last Minutes Offensive
Center Left Wing Right Wing Defense Defense
Brandon Dubinsky David Booth Ben Smith Mike Lundin Tyler Cuma
Last Minutes Defensive
Center Left Wing Right Wing Defense Defense
Brandon Dubinsky David Booth Ben Smith Mike Lundin Tyler Cuma
Goaltenders
Starting : Philipp Grubauer
Backup : Anders Lindback
Extra Forwards
Normal : Ronalds Kenins, Boone Jenner, Bobby Butler - PP : Ronalds Kenins, Boone Jenner - PK : Ronalds Kenins
Extra Defensemen
Normal : Brandon Gormley, Karl Alzner, Steve Eminger - PP : Brandon Gormley - PK : Brandon Gormley, Karl Alzner
Penalty Shots
Ben Smith, Wayne Simmonds, David Booth, Brandon Dubinsky, Ronalds Kenins
Scratches
Alexander Steen (Healthy), Brayden McNabb (Healthy), Dion Phaneuf (Broken Right Foot Toe Injury), Zach Boychuk (Healthy)
% Time on Ice - Islanders
Lines # - Real PCT - Wanted PCT - Time Play
Normal Forward
1 - 36% - 40% - 17:18
2 - 25% - 30% - 12:02
3 - 18% - 20% - 8:51
4 - 20% - 10% - 9:40
Normal Defense
1 - 39% - 40% - 18:54
2 - 31% - 30% - 14:49
3 - 23% - 20% - 11:13
4 - 6% - 10% - 2:55
PP Forward
1 - 55% - 60% - 2:10
2 - 45% - 40% - 1:48
PP Defense
1 - 57% - 60% - 2:15
2 - 43% - 40% - 1:43
PK Forward
1 - 70% - 60% - 5:46
2 - 30% - 40% - 2:25
PK Defense
1 - 56% - 60% - 4:37
2 - 44% - 40% - 3:34
PK3 Forward
1 - 0% - 60%
2 - 0% - 40%
PK3 Defense
1 - 0% - 60%
2 - 0% - 40%
44 Forward
1 - 76% - 60% - 3:49
2 - 24% - 40% - 1:11
44 Defense
1 - 66% - 60% - 3:19
2 - 34% - 40% - 1:41
Last Minute Offensive - 0:00
Last Minute Defensive - 0:00
Total
Forward - 65:00
Defense - 65:00
|
% Time on Ice - Sharks
Lines # - Real PCT - Wanted PCT - Time Play
Normal Forward
1 - 34% - 40% - 16:29
2 - 25% - 30% - 12:07
3 - 24% - 20% - 11:18
4 - 17% - 10% - 7:57
Normal Defense
1 - 39% - 40% - 18:31
2 - 32% - 30% - 15:13
3 - 26% - 20% - 12:38
4 - 3% - 10% - 1:29
PP Forward
1 - 65% - 60% - 5:18
2 - 35% - 40% - 2:53
PP Defense
1 - 61% - 60% - 5:00
2 - 39% - 40% - 3:11
PK Forward
1 - 77% - 60% - 3:04
2 - 23% - 40% - 0:54
PK Defense
1 - 57% - 60% - 2:16
2 - 43% - 40% - 1:42
PK3 Forward
1 - 0% - 60%
2 - 0% - 40%
PK3 Defense
1 - 0% - 60%
2 - 0% - 40%
44 Forward
1 - 95% - 60% - 4:45
2 - 5% - 40% - 0:15
44 Defense
1 - 61% - 60% - 3:03
2 - 39% - 40% - 1:57
Last Minute Offensive - 0:00
Last Minute Defensive - 0:00
Total
Forward - 65:00
Defense - 65:00
|
Play-by-Play
1st period
0:01 of 1st period - Frans Nielsen wins face-off versus Brandon Dubinsky in neutral zone.
0:26 of 1st period - Yann Sauvé is hit by Tyler Cuma and loses puck.
0:33 of 1st period - Wrist shot by Wayne Simmonds.
0:33 of 1st period - Stopped by Ryan Miller without a rebound.
0:34 of 1st period - Luke Adam wins face-off versus Ryan Hartman in Islanders zone.
1:17 of 1st period - Slapshot by Fedor Tyutin.
1:17 of 1st period - Stopped by Philipp Grubauer without a rebound.
1:18 of 1st period - Boone Jenner wins face-off versus Brock McGinn in Sharks zone.
1:20 of 1st period - Minor Penalty to Boone Jenner for Interference.
1:21 of 1st period - Frans Nielsen wins face-off versus Brandon Dubinsky in Sharks zone.
1:21 of 1st period - Slapshot by Ryan Ellis.
1:21 of 1st period - Stopped by Philipp Grubauer without a rebound.
1:22 of 1st period - Frans Nielsen wins face-off versus Brandon Dubinsky in Sharks zone.
1:29 of 1st period - Wrist shot by Frans Nielsen.
1:29 of 1st period - Shot Misses the Net.
1:31 of 1st period - Snap shot by Vladimir Tarasenko.
1:31 of 1st period - Shot Blocked by Mike Lundin.
1:33 of 1st period - Slapshot by Yann Sauvé.
1:33 of 1st period - Shot Misses the Net.
1:59 of 1st period - Backhand shot by Michael Latta.
1:59 of 1st period - Shot Misses the Net.
2:01 of 1st period - Wrist shot by Pierre-Edouard Bellemare.
2:01 of 1st period - Shot Misses the Net.
2:03 of 1st period - Snap shot by Pierre-Edouard Bellemare.
2:03 of 1st period - Shot Misses the Net.
3:18 of 1st period - Michael Latta is hit by Brandon Gormley and loses puck.
3:20 of 1st period - Penalty to Boone Jenner is over, Boone Jenner is back on ice.
3:43 of 1st period - Jiri Hudler is hit by Ben Lovejoy and loses puck.
4:21 of 1st period - Yann Sauvé is hit by Luke Adam and loses puck.
4:32 of 1st period - Wrist shot by Ryan Ellis.
4:32 of 1st period - Shot Misses the Net.
4:34 of 1st period - Wrist shot by Yann Sauvé.
4:34 of 1st period - Stopped by Philipp Grubauer with a rebound.
4:36 of 1st period - Slapshot by Yann Sauvé.
4:36 of 1st period - Shot Blocked by Tyler Cuma.
4:58 of 1st period - Off-side.
4:59 of 1st period - Jiri Hudler wins face-off versus Oscar Sundqvist in neutral zone.
5:23 of 1st period - Steve Eminger is hit by Sergei Plotnikov and loses puck.
5:50 of 1st period - Snap shot by Jiri Tlusty.
5:50 of 1st period - Shot Blocked by Jiri Hudler.
5:58 of 1st period - Slapshot by Andrew Shaw.
5:58 of 1st period - Stopped by Philipp Grubauer with a rebound.
6:34 of 1st period - Wrist shot by Jiri Tlusty.
6:34 of 1st period - Stopped by Ryan Miller without a rebound.
6:35 of 1st period - Brandon Dubinsky wins face-off versus Vladimir Tarasenko in Islanders zone.
6:46 of 1st period - Wrist shot by Ben Smith.
6:46 of 1st period - Stopped by Ryan Miller without a rebound.
6:47 of 1st period - Frans Nielsen wins face-off versus Brandon Dubinsky in Islanders zone.
6:47 of 1st period - Frans Nielsen is hit by David Booth.
7:10 of 1st period - Icing by Mike Lundin.
7:11 of 1st period - Michael Latta wins face-off versus Brandon Dubinsky in Sharks zone.
7:18 of 1st period - Slapshot by Michael Latta.
7:18 of 1st period - Stopped by Philipp Grubauer without a rebound.
7:19 of 1st period - Michael Latta wins face-off versus Boone Jenner in Sharks zone.
7:20 of 1st period - Wrist shot by Rick Nash.
7:20 of 1st period - Shot Misses the Net.
7:30 of 1st period - Slapshot by Tyler Cuma.
7:30 of 1st period - Stopped by Ryan Miller with a rebound.
7:32 of 1st period - Slapshot by Mike Lundin.
7:32 of 1st period - Shot Blocked by Emerson Etem.
7:34 of 1st period - Snap shot by Wayne Simmonds.
7:34 of 1st period - Shot Misses the Net.
7:47 of 1st period - Icing by Mike Lundin.
7:48 of 1st period - Brandon Dubinsky wins face-off versus Frans Nielsen in Sharks zone.
8:01 of 1st period - Wrist shot by Vladimir Tarasenko.
8:01 of 1st period - Stopped by Philipp Grubauer without a rebound.
8:02 of 1st period - Frans Nielsen wins face-off versus Brandon Dubinsky in Sharks zone.
8:34 of 1st period - Slapshot by Tyler Cuma.
8:34 of 1st period - Shot Blocked by Ryan Ellis.
8:36 of 1st period - Slapshot by Mike Lundin.
8:36 of 1st period - Deflect By Luke Adam.
8:36 of 1st period - Stopped by Ryan Miller with a rebound.
9:40 of 1st period - Wrist shot by Brandon Gormley.
9:40 of 1st period - Shot Misses the Net.
9:42 of 1st period - Slapshot by Brandon Gormley.
9:42 of 1st period - Stopped by Ryan Miller with a rebound.
9:44 of 1st period - Wrist shot by Oskar Osala.
9:44 of 1st period - Shot Blocked by Sergei Plotnikov.
9:46 of 1st period - Slapshot by Ben Lovejoy.
9:46 of 1st period - Shot Misses the Net.
10:03 of 1st period - Brandon Gormley is hit by Nikita Zadorov and loses puck.
10:29 of 1st period - Slapshot by Brandon Dubinsky.
10:29 of 1st period - Shot Misses the Net.
10:44 of 1st period - Karl Alzner is hit by Andrew Shaw and loses puck.
11:27 of 1st period - Craig Smith is hit by David Booth and loses puck.
12:00 of 1st period - Snap shot by Michael Latta.
12:00 of 1st period - Shot Misses the Net.
12:24 of 1st period - Snap shot by Luke Adam.
12:24 of 1st period - Stopped by Ryan Miller with a rebound.
12:58 of 1st period - Rick Nash is hit by Oscar Sundqvist and loses puck.
13:19 of 1st period - Nikita Zadorov is hit by Brandon Gormley and loses puck.
13:34 of 1st period - Icing by Ben Lovejoy.
13:35 of 1st period - Frans Nielsen wins face-off versus Brandon Dubinsky in Sharks zone.
13:44 of 1st period - Wrist shot by Ben Smith.
13:44 of 1st period - Shot Misses the Net.
13:46 of 1st period - Minor Penalty to Ryan Ellis for Hooking.
13:47 of 1st period - Vladimir Tarasenko wins face-off versus Brandon Dubinsky in Islanders zone.
14:23 of 1st period - Justin Falk is hit by Tyler Cuma and loses puck.
14:38 of 1st period - Rick Nash is hit by Ben Smith and loses puck.
15:27 of 1st period - Wrist shot by Brandon Dubinsky.
15:27 of 1st period - Shot Misses the Net.
15:29 of 1st period - Snap shot by David Booth.
15:29 of 1st period - Shot Misses the Net.
15:31 of 1st period - Slapshot by David Booth.
15:31 of 1st period - Deflect By Ben Smith.
15:31 of 1st period - Shot Blocked by Yann Sauvé.
15:31 of 1st period - Puck is out of play.
15:32 of 1st period - Frans Nielsen wins face-off versus Boone Jenner in Islanders zone.
15:46 of 1st period - Penalty to Ryan Ellis is over, Ryan Ellis is back on ice.
16:45 of 1st period - Steve Eminger is hit by Yann Sauvé and loses puck.
17:21 of 1st period - Slapshot by Michael Latta.
17:21 of 1st period - Stopped by Philipp Grubauer without a rebound.
17:22 of 1st period - Oscar Sundqvist wins face-off versus Michael Latta in Sharks zone.
17:22 of 1st period - Oscar Sundqvist is hit by Yann Sauvé.
17:54 of 1st period - Snap shot by Vladimir Tarasenko.
17:54 of 1st period - Shot Blocked by Brandon Gormley.
17:56 of 1st period - Backhand shot by Ryan Ellis.
17:56 of 1st period - Stopped by Philipp Grubauer without a rebound.
17:57 of 1st period - Boone Jenner wins face-off versus Frans Nielsen in Sharks zone.
18:02 of 1st period - Wrist shot by Ronalds Kenins.
18:02 of 1st period - Stopped by Ryan Miller without a rebound.
18:03 of 1st period - Frans Nielsen wins face-off versus Boone Jenner in Islanders zone.
19:00 of 1st period - Snap shot by Emerson Etem.
19:00 of 1st period - Stopped by Philipp Grubauer with a rebound.
19:20 of 1st period - Wrist shot by Andrew Shaw.
19:20 of 1st period - Stopped by Philipp Grubauer with a rebound.
19:34 of 1st period - Wrist shot by Ben Smith.
19:34 of 1st period - Deflect By Brandon Dubinsky.
19:34 of 1st period - Shot Blocked by Sergei Plotnikov.
19:34 of 1st period - Puck is out of play.
19:35 of 1st period - Michael Latta wins face-off versus Boone Jenner in Islanders zone.
19:35 of 1st period - Michael Latta is hit by Wayne Simmonds.
Goals for this period are 0 for Islanders vs 0 for Sharks.
Shots for this period are 10 for Islanders vs 8 for Sharks.
2nd period
0:01 of 2nd period - Brandon Dubinsky wins face-off versus Frans Nielsen in neutral zone.
0:16 of 2nd period - Snap shot by Vladimir Tarasenko.
0:16 of 2nd period - Stopped by Philipp Grubauer with a rebound.
1:36 of 2nd period - Snap shot by Wayne Simmonds.
1:36 of 2nd period - Stopped by Ryan Miller with a rebound.
1:38 of 2nd period - Wrist shot by Wayne Simmonds.
1:38 of 2nd period - Stopped by Ryan Miller with a rebound.
1:40 of 2nd period - Backhand shot by Karl Alzner.
1:40 of 2nd period - Stopped by Ryan Miller without a rebound.
1:41 of 2nd period - Frans Nielsen wins face-off versus David Booth in Islanders zone.
1:41 of 2nd period - Frans Nielsen is hit by Brandon Dubinsky.
1:53 of 2nd period - Snap shot by Brandon Dubinsky.
1:53 of 2nd period - Deflect By Ben Smith.
1:53 of 2nd period - Deflect By Vladimir Tarasenko.
1:53 of 2nd period - Shot Misses the Net.
1:53 of 2nd period - Puck is out of play.
1:54 of 2nd period - Frans Nielsen wins face-off versus Brandon Dubinsky in Islanders zone.
2:03 of 2nd period - Tyler Cuma is hit by Ryan Ellis and loses puck.
2:25 of 2nd period - Slapshot by Vladimir Tarasenko.
2:25 of 2nd period - Stopped by Philipp Grubauer without a rebound.
2:26 of 2nd period - Luke Adam wins face-off versus Michael Latta in Sharks zone.
2:41 of 2nd period - Marc-Édouard Vlasic is hit by Luke Adam and loses puck.
3:00 of 2nd period - Slapshot by Marc-Édouard Vlasic.
3:00 of 2nd period - Stopped by Philipp Grubauer with a rebound.
3:02 of 2nd period - Slapshot by Fedor Tyutin.
3:02 of 2nd period - Shot Misses the Net.
3:04 of 2nd period - Slapshot by Marc-Édouard Vlasic.
3:04 of 2nd period - Shot Blocked by David Booth.
4:08 of 2nd period - Rick Nash is hit by Gustav Nyquist and loses puck.
5:32 of 2nd period - Snap shot by Luke Adam.
5:32 of 2nd period - Stopped by Ryan Miller with a rebound.
6:16 of 2nd period - Snap shot by Vladimir Tarasenko.
6:16 of 2nd period - Shot Misses the Net.
6:21 of 2nd period - Icing by Boone Jenner.
6:22 of 2nd period - Boone Jenner wins face-off versus Michael Latta in Sharks zone.
6:31 of 2nd period - Wrist shot by Rick Nash.
6:31 of 2nd period - Shot Misses the Net.
6:37 of 2nd period - Snap shot by Rick Nash.
6:37 of 2nd period - Stopped by Philipp Grubauer with a rebound.
6:55 of 2nd period - Wrist shot by Ben Smith.
6:55 of 2nd period - Shot Misses the Net.
7:35 of 2nd period - Rick Nash is hit by Oskar Osala and loses puck.
7:50 of 2nd period - Ryan Hartman is hit by Brandon Dubinsky and loses puck.
8:06 of 2nd period - Icing by Pierre-Edouard Bellemare.
8:07 of 2nd period - Pierre-Edouard Bellemare wins face-off versus Wayne Simmonds in Islanders zone.
8:42 of 2nd period - Slapshot by Rick Nash.
8:42 of 2nd period - Stopped by Philipp Grubauer without a rebound.
8:43 of 2nd period - Boone Jenner wins face-off versus Frans Nielsen in Sharks zone.
8:56 of 2nd period - Off-side.
8:57 of 2nd period - Frans Nielsen wins face-off versus Brandon Dubinsky in neutral zone.
9:02 of 2nd period - Icing by David Booth.
9:03 of 2nd period - Brandon Dubinsky wins face-off versus Frans Nielsen in Sharks zone.
10:13 of 2nd period - Jiri Tlusty is hit by Vladimir Tarasenko and loses puck.
11:17 of 2nd period - Wrist shot by Oscar Sundqvist.
11:17 of 2nd period - Shot Blocked by Justin Falk.
11:27 of 2nd period - Snap shot by Vladimir Tarasenko.
11:27 of 2nd period - Shot Misses the Net.
11:31 of 2nd period - Wrist shot by Vladimir Tarasenko.
11:31 of 2nd period - Deflect By Brock McGinn.
11:31 of 2nd period - Shot Misses the Net.
11:31 of 2nd period - Puck is out of play.
11:32 of 2nd period - Brandon Dubinsky wins face-off versus Emerson Etem in Sharks zone.
12:02 of 2nd period - Wrist shot by Wayne Simmonds.
12:02 of 2nd period - Shot Misses the Net.
12:24 of 2nd period - Snap shot by Brandon Gormley.
12:24 of 2nd period - Deflect By Luke Adam.
12:24 of 2nd period - Shot Misses the Net.
12:24 of 2nd period - Puck is out of play.
12:25 of 2nd period - Jiri Hudler wins face-off versus Gustav Nyquist in Islanders zone.
12:36 of 2nd period - Slapshot by Ryan Ellis.
12:36 of 2nd period - Shot Blocked by Gustav Nyquist.
12:38 of 2nd period - Slapshot by Jiri Hudler.
12:38 of 2nd period - Shot Misses the Net.
12:44 of 2nd period - Snap shot by Andrew Shaw.
12:44 of 2nd period - Shot Misses the Net.
12:50 of 2nd period - Slapshot by Jiri Hudler.
12:50 of 2nd period - Shot Misses the Net.
12:52 of 2nd period - Snap shot by Andrew Shaw.
12:52 of 2nd period - Goal by Andrew Shaw - Islanders : 1 - Sharks : 0.
12:53 of 2nd period - Michael Latta wins face-off versus Brandon Dubinsky in neutral zone.
13:04 of 2nd period - Minor Penalty to Michael Latta for Tripping.
13:05 of 2nd period - Vladimir Tarasenko wins face-off versus Brandon Dubinsky in Islanders zone.
13:17 of 2nd period - Slapshot by Brandon Dubinsky.
13:17 of 2nd period - Stopped by Ryan Miller with a rebound.
15:04 of 2nd period - Penalty to Michael Latta is over, Michael Latta is back on ice.
15:46 of 2nd period - Wrist shot by Brock McGinn.
15:46 of 2nd period - Stopped by Philipp Grubauer with a rebound.
15:52 of 2nd period - Snap shot by Brock McGinn.
15:52 of 2nd period - Stopped by Philipp Grubauer without a rebound.
15:53 of 2nd period - Ryan Hartman wins face-off versus Luke Adam in Sharks zone.
16:00 of 2nd period - Ryan Hartman is hit by Bobby Butler.
17:13 of 2nd period - Vladimir Tarasenko is hit by Oskar Osala and loses puck.
17:27 of 2nd period - Icing by Oskar Osala.
17:28 of 2nd period - Luke Adam wins face-off versus Jiri Hudler in Sharks zone.
17:37 of 2nd period - Snap shot by Sergei Plotnikov.
17:37 of 2nd period - Shot Blocked by Karl Alzner.
17:41 of 2nd period - Slapshot by Ryan Ellis.
17:41 of 2nd period - Stopped by Philipp Grubauer with a rebound.
17:43 of 2nd period - Slapshot by Ryan Ellis.
17:43 of 2nd period - Shot Misses the Net.
17:45 of 2nd period - Snap shot by Jiri Hudler.
17:45 of 2nd period - Shot Misses the Net.
18:21 of 2nd period - Off-side.
18:22 of 2nd period - Frans Nielsen wins face-off versus Boone Jenner in neutral zone.
18:31 of 2nd period - Snap shot by Boone Jenner.
18:31 of 2nd period - Goal by Boone Jenner - Islanders : 1 - Sharks : 1.
18:32 of 2nd period - Michael Latta wins face-off versus Brandon Dubinsky in neutral zone.
18:42 of 2nd period - Wrist shot by David Booth.
18:42 of 2nd period - Stopped by Ryan Miller without a rebound.
18:43 of 2nd period - Brandon Dubinsky wins face-off versus Frans Nielsen in Islanders zone.
18:44 of 2nd period - Wrist shot by Ben Smith.
18:44 of 2nd period - Stopped by Ryan Miller with a rebound.
18:46 of 2nd period - Snap shot by Tyler Cuma.
18:46 of 2nd period - Deflect By David Booth.
18:46 of 2nd period - Stopped by Ryan Miller with a rebound.
18:48 of 2nd period - Slapshot by Mike Lundin.
18:48 of 2nd period - Deflect By Ben Smith.
18:48 of 2nd period - Shot Misses the Net.
18:48 of 2nd period - Puck is out of play.
18:49 of 2nd period - Frans Nielsen wins face-off versus Brandon Dubinsky in Islanders zone.
19:24 of 2nd period - Snap shot by Vladimir Tarasenko.
19:24 of 2nd period - Shot Misses the Net.
19:52 of 2nd period - Wrist shot by Vladimir Tarasenko.
19:52 of 2nd period - Stopped by Philipp Grubauer with a rebound.
Goals for this period are 1 for Islanders vs 1 for Sharks.
Shots for this period are 10 for Islanders vs 9 for Sharks.
3rd period
0:01 of 3rd period - Michael Latta wins face-off versus Brandon Dubinsky in neutral zone.
0:03 of 3rd period - Minor Penalty to Yann Sauvé for Hooking.
0:04 of 3rd period - Vladimir Tarasenko wins face-off versus Brandon Dubinsky in Islanders zone.
0:04 of 3rd period - Vladimir Tarasenko is hit by David Booth.
0:36 of 3rd period - Mike Lundin is hit by Vladimir Tarasenko and loses puck.
1:31 of 3rd period - Slapshot by Brock McGinn.
1:31 of 3rd period - Stopped by Philipp Grubauer with a rebound.
2:03 of 3rd period - Penalty to Yann Sauvé is over, Yann Sauvé is back on ice.
2:26 of 3rd period - Snap shot by Luke Adam.
2:26 of 3rd period - Stopped by Ryan Miller with a rebound.
2:36 of 3rd period - Jiri Hudler is hit by Oskar Osala and loses puck.
2:42 of 3rd period - Icing by Nikita Zadorov.
2:43 of 3rd period - Jiri Hudler wins face-off versus Luke Adam in Islanders zone.
2:48 of 3rd period - Snap shot by Andrew Shaw.
2:48 of 3rd period - Shot Blocked by Bobby Butler.
2:50 of 3rd period - Slapshot by Justin Falk.
2:50 of 3rd period - Shot Misses the Net.
2:52 of 3rd period - Slapshot by Justin Falk.
2:52 of 3rd period - Stopped by Philipp Grubauer without a rebound.
2:53 of 3rd period - Michael Latta wins face-off versus Luke Adam in Sharks zone.
3:20 of 3rd period - Snap shot by Ben Smith.
3:20 of 3rd period - Stopped by Ryan Miller with a rebound.
3:22 of 3rd period - Slapshot by Ben Smith.
3:22 of 3rd period - Shot Misses the Net.
3:24 of 3rd period - Slapshot by Mike Lundin.
3:24 of 3rd period - Stopped by Ryan Miller with a rebound.
3:26 of 3rd period - Snap shot by Ben Smith.
3:26 of 3rd period - Stopped by Ryan Miller without a rebound.
3:27 of 3rd period - Michael Latta wins face-off versus Brandon Dubinsky in Islanders zone.
3:38 of 3rd period - Wrist shot by Rick Nash.
3:38 of 3rd period - Shot Misses the Net.
3:40 of 3rd period - Wrist shot by Michael Latta.
3:40 of 3rd period - Shot Misses the Net.
3:42 of 3rd period - Snap shot by Rick Nash.
3:42 of 3rd period - Stopped by Philipp Grubauer without a rebound.
3:43 of 3rd period - Boone Jenner wins face-off versus Frans Nielsen in Sharks zone.
3:50 of 3rd period - Wrist shot by Ronalds Kenins.
3:50 of 3rd period - Shot Misses the Net.
4:10 of 3rd period - Slapshot by Emerson Etem.
4:10 of 3rd period - Stopped by Philipp Grubauer with a rebound.
4:18 of 3rd period - Snap shot by Emerson Etem.
4:18 of 3rd period - Stopped by Philipp Grubauer without a rebound.
4:19 of 3rd period - Frans Nielsen wins face-off versus Boone Jenner in Sharks zone.
4:38 of 3rd period - Ryan Ellis is hit by Wayne Simmonds and loses puck.
5:43 of 3rd period - Icing by Wayne Simmonds.
5:44 of 3rd period - Michael Latta wins face-off versus Boone Jenner in Sharks zone.
5:47 of 3rd period - Wrist shot by Rick Nash.
5:47 of 3rd period - Shot Misses the Net.
5:49 of 3rd period - Snap shot by Michael Latta.
5:49 of 3rd period - Shot Misses the Net.
5:51 of 3rd period - Snap shot by Michael Latta.
5:51 of 3rd period - Shot Misses the Net.
5:53 of 3rd period - Wrist shot by Rick Nash.
5:53 of 3rd period - Deflect By Michael Latta.
5:53 of 3rd period - Goal by Michael Latta - Islanders : 2 - Sharks : 1.
5:54 of 3rd period - Frans Nielsen wins face-off versus Brandon Dubinsky in neutral zone.
6:50 of 3rd period - Ryan Hartman is hit by Bobby Butler and loses puck.
7:11 of 3rd period - Slapshot by Marc-Édouard Vlasic.
7:11 of 3rd period - Stopped by Philipp Grubauer without a rebound.
7:12 of 3rd period - Ronalds Kenins wins face-off versus Frans Nielsen in Sharks zone.
7:23 of 3rd period - Snap shot by Brock McGinn.
7:23 of 3rd period - Shot Misses the Net.
7:45 of 3rd period - Wrist shot by Brandon Dubinsky.
7:45 of 3rd period - Shot Blocked by Emerson Etem.
7:59 of 3rd period - Ryan Ellis is hit by Gustav Nyquist.
8:16 of 3rd period - Gustav Nyquist is hit by Andrew Shaw and loses puck.
8:47 of 3rd period - Slapshot by Ryan Ellis.
8:47 of 3rd period - Stopped by Philipp Grubauer with a rebound.
8:49 of 3rd period - Slapshot by Yann Sauvé.
8:49 of 3rd period - Shot Blocked by Ben Lovejoy.
8:51 of 3rd period - Snap shot by Sergei Plotnikov.
8:51 of 3rd period - Shot Blocked by Bobby Butler.
9:25 of 3rd period - Slapshot by Jiri Hudler.
9:25 of 3rd period - Stopped by Philipp Grubauer without a rebound.
9:26 of 3rd period - Frans Nielsen wins face-off versus Brandon Dubinsky in Sharks zone.
10:05 of 3rd period - Wrist shot by Ryan Hartman.
10:05 of 3rd period - Shot Misses the Net.
10:07 of 3rd period - Snap shot by Ryan Hartman.
10:07 of 3rd period - Shot Misses the Net.
10:17 of 3rd period - Justin Falk is hit by Oscar Sundqvist and loses puck.
10:26 of 3rd period - Wrist shot by Jiri Tlusty.
10:26 of 3rd period - Deflect By Oskar Osala.
10:26 of 3rd period - Stopped by Ryan Miller without a rebound.
10:27 of 3rd period - Brandon Dubinsky wins face-off versus Frans Nielsen in Islanders zone.
10:49 of 3rd period - Icing by Tyler Cuma.
10:50 of 3rd period - Michael Latta wins face-off versus Boone Jenner in Sharks zone.
10:55 of 3rd period - Wrist shot by Michael Latta.
10:55 of 3rd period - Shot Blocked by Boone Jenner.
11:01 of 3rd period - Wrist shot by Tyler Cuma.
11:01 of 3rd period - Stopped by Ryan Miller without a rebound.
11:02 of 3rd period - Frans Nielsen wins face-off versus Brandon Dubinsky in Islanders zone.
11:02 of 3rd period - Frans Nielsen is hit by Brandon Gormley.
11:28 of 3rd period - Boone Jenner is hit by Michael Latta and loses puck.
11:35 of 3rd period - Slapshot by Michael Latta.
11:35 of 3rd period - Stopped by Philipp Grubauer with a rebound.
11:37 of 3rd period - Slapshot by Emerson Etem.
11:37 of 3rd period - Shot Misses the Net.
11:41 of 3rd period - Wrist shot by Michael Latta.
11:41 of 3rd period - Shot Blocked by Brandon Gormley.
11:53 of 3rd period - Slapshot by Brandon Gormley.
11:53 of 3rd period - Deflect By Gustav Nyquist.
11:53 of 3rd period - Stopped by Ryan Miller with a rebound.
12:15 of 3rd period - Slapshot by Marc-Édouard Vlasic.
12:15 of 3rd period - Shot Blocked by Tyler Cuma.
12:17 of 3rd period - Slapshot by Fedor Tyutin.
12:17 of 3rd period - Shot Blocked by Tyler Cuma.
12:23 of 3rd period - Snap shot by Andrew Shaw.
12:23 of 3rd period - Shot Misses the Net.
12:25 of 3rd period - Wrist shot by Sergei Plotnikov.
12:25 of 3rd period - Shot Hit the Post.
12:35 of 3rd period - Snap shot by Rick Nash.
12:35 of 3rd period - Shot Misses the Net.
13:11 of 3rd period - Wrist shot by Wayne Simmonds.
13:11 of 3rd period - Shot Misses the Net.
13:13 of 3rd period - Slapshot by Tyler Cuma.
13:13 of 3rd period - Deflect By Boone Jenner.
13:13 of 3rd period - Shot Blocked by Frans Nielsen.
13:13 of 3rd period - Puck is out of play.
13:14 of 3rd period - Luke Adam wins face-off versus Ryan Hartman in Islanders zone.
13:21 of 3rd period - Snap shot by Luke Adam.
13:21 of 3rd period - Deflect By Gustav Nyquist.
13:21 of 3rd period - Stopped by Ryan Miller without a rebound.
13:22 of 3rd period - Gustav Nyquist wins face-off versus Ryan Hartman in Islanders zone.
13:38 of 3rd period - Minor Penalty to Gustav Nyquist for Charging.
13:39 of 3rd period - Brandon Dubinsky wins face-off versus Frans Nielsen in Sharks zone.
14:56 of 3rd period - Wrist shot by Boone Jenner.
14:56 of 3rd period - Stopped by Ryan Miller with a rebound.
15:38 of 3rd period - Penalty to Gustav Nyquist is over, Gustav Nyquist is back on ice.
15:38 of 3rd period - Wrist shot by Ronalds Kenins.
15:38 of 3rd period - Stopped by Ryan Miller without a rebound.
15:39 of 3rd period - Luke Adam wins face-off versus Michael Latta in Islanders zone.
15:49 of 3rd period - Snap shot by Luke Adam.
15:49 of 3rd period - Shot Misses the Net.
15:51 of 3rd period - Snap shot by Gustav Nyquist.
15:51 of 3rd period - Stopped by Ryan Miller with a rebound.
15:53 of 3rd period - Wrist shot by Bobby Butler.
15:53 of 3rd period - Stopped by Ryan Miller with a rebound.
15:55 of 3rd period - Slapshot by Steve Eminger.
15:55 of 3rd period - Stopped by Ryan Miller with a rebound.
16:12 of 3rd period - Snap shot by Andrew Shaw.
16:12 of 3rd period - Stopped by Philipp Grubauer without a rebound.
16:13 of 3rd period - Brandon Dubinsky wins face-off versus Frans Nielsen in Sharks zone.
16:20 of 3rd period - Slapshot by Tyler Cuma.
16:20 of 3rd period - Stopped by Ryan Miller without a rebound.
16:21 of 3rd period - Frans Nielsen wins face-off versus Brandon Dubinsky in Islanders zone.
16:21 of 3rd period - Frans Nielsen is hit by David Booth.
16:24 of 3rd period - Minor Penalty to Brock McGinn for Tripping.
16:25 of 3rd period - Brandon Dubinsky wins face-off versus Vladimir Tarasenko in Islanders zone.
16:27 of 3rd period - Snap shot by Ben Smith.
16:27 of 3rd period - Deflect By David Booth.
16:27 of 3rd period - Shot Misses the Net.
16:27 of 3rd period - Puck is out of play.
16:28 of 3rd period - Brandon Dubinsky wins face-off versus Vladimir Tarasenko in Islanders zone.
16:29 of 3rd period - Wrist shot by Ben Smith.
16:29 of 3rd period - Stopped by Ryan Miller without a rebound.
16:30 of 3rd period - Brandon Dubinsky wins face-off versus Vladimir Tarasenko in Islanders zone.
16:37 of 3rd period - Backhand shot by Tyler Cuma.
16:37 of 3rd period - Shot Hit the Post.
16:39 of 3rd period - Snap shot by Ben Smith.
16:39 of 3rd period - Goal by Ben Smith - Islanders : 2 - Sharks : 2.
16:40 of 3rd period - Ryan Hartman wins face-off versus Ben Smith in neutral zone.
16:45 of 3rd period - Wrist shot by Ben Smith.
16:45 of 3rd period - Shot Misses the Net.
16:47 of 3rd period - Snap shot by Ben Smith.
16:47 of 3rd period - Shot Misses the Net.
16:56 of 3rd period - Minor Penalty to Craig Smith for Hooking.
16:57 of 3rd period - Vladimir Tarasenko wins face-off versus Brandon Dubinsky in Islanders zone.
18:31 of 3rd period - Icing by Mike Lundin.
18:32 of 3rd period - Boone Jenner wins face-off versus Frans Nielsen in Sharks zone.
18:56 of 3rd period - Penalty to Craig Smith is over, Craig Smith is back on ice.
19:12 of 3rd period - Ryan Ellis is hit by David Booth and loses puck.
Goals for this period are 1 for Islanders vs 1 for Sharks.
Shots for this period are 11 for Islanders vs 16 for Sharks.
Overtime #1
0:01 of 1st overtime period - Brandon Dubinsky wins face-off versus Vladimir Tarasenko in neutral zone.
0:06 of 1st overtime period - Slapshot by Vladimir Tarasenko.
0:06 of 1st overtime period - Shot Hit the Post.
0:08 of 1st overtime period - Slapshot by Rick Nash.
0:08 of 1st overtime period - Shot Misses the Net.
0:10 of 1st overtime period - Slapshot by Ryan Ellis.
0:10 of 1st overtime period - Deflect By Vladimir Tarasenko.
0:10 of 1st overtime period - Shot Blocked by Tyler Cuma.
0:10 of 1st overtime period - Puck is out of play.
0:11 of 1st overtime period - Brandon Dubinsky wins face-off versus Vladimir Tarasenko in Sharks zone.
0:24 of 1st overtime period - Snap shot by Brandon Dubinsky.
0:24 of 1st overtime period - Shot Misses the Net.
1:51 of 1st overtime period - Slapshot by Fedor Tyutin.
1:51 of 1st overtime period - Shot Misses the Net.
1:53 of 1st overtime period - Slapshot by Marc-Édouard Vlasic.
1:53 of 1st overtime period - Shot Misses the Net.
1:55 of 1st overtime period - Wrist shot by Jiri Hudler.
1:55 of 1st overtime period - Stopped by Philipp Grubauer with a rebound.
1:57 of 1st overtime period - Slapshot by Fedor Tyutin.
1:57 of 1st overtime period - Deflect By Sergei Plotnikov.
1:57 of 1st overtime period - Deflect By Gustav Nyquist.
1:57 of 1st overtime period - Stopped by Philipp Grubauer with a rebound.
3:11 of 1st overtime period - Brandon Dubinsky is hit by Yann Sauvé.
3:26 of 1st overtime period - Fedor Tyutin is hit by David Booth.
3:44 of 1st overtime period - Frans Nielsen is hit by Bobby Butler and loses puck.
4:31 of 1st overtime period - Justin Falk is hit by Gustav Nyquist and loses puck.
4:58 of 1st overtime period - Justin Falk is hit by Tyler Cuma and loses puck.
Goals for this period are 0 for Islanders vs 0 for Sharks.
Shots for this period are 2 for Islanders vs 0 for Sharks.
ShootOut
5:00 of 1st overtime period - Round #1.
5:00 of 1st overtime period - Islanders, Vladimir Tarasenko.
5:00 of 1st overtime period - Wrist shot by Vladimir Tarasenko.
5:00 of 1st overtime period - Shot Misses the Net.
5:00 of 1st overtime period - Sharks, Ben Smith.
5:00 of 1st overtime period - Wrist shot by Ben Smith.
5:00 of 1st overtime period - Goal by Ben Smith.
5:00 of 1st overtime period - Round #2.
5:00 of 1st overtime period - Islanders, Rick Nash.
5:00 of 1st overtime period - Snap shot by Rick Nash.
5:00 of 1st overtime period - Shot Misses the Net.
5:00 of 1st overtime period - Sharks, Wayne Simmonds.
5:00 of 1st overtime period - Snap shot by Wayne Simmonds.
5:00 of 1st overtime period - Stopped by Ryan Miller.
5:00 of 1st overtime period - Round #3.
5:00 of 1st overtime period - Islanders, Frans Nielsen.
5:00 of 1st overtime period - Backhand shot by Frans Nielsen.
5:00 of 1st overtime period - Goal by Frans Nielsen.
5:00 of 1st overtime period - Sharks, David Booth.
5:00 of 1st overtime period - Deke by David Booth.
5:00 of 1st overtime period - Stopped by Ryan Miller.
5:00 of 1st overtime period - Round #4.
5:00 of 1st overtime period - Islanders, Craig Smith.
5:00 of 1st overtime period - Snap shot by Craig Smith.
5:00 of 1st overtime period - Shot Misses the Net.
5:00 of 1st overtime period - Sharks, Brandon Dubinsky.
5:00 of 1st overtime period - Snap shot by Brandon Dubinsky.
5:00 of 1st overtime period - Stopped by Ryan Miller.
5:00 of 1st overtime period - Round #5.
5:00 of 1st overtime period - Islanders, Emerson Etem.
5:00 of 1st overtime period - Backhand shot by Emerson Etem.
5:00 of 1st overtime period - Goal by Emerson Etem.
5:00 of 1st overtime period - Sharks, Ronalds Kenins.
5:00 of 1st overtime period - Deke by Ronalds Kenins.
5:00 of 1st overtime period - Stopped by Ryan Miller.